 Dungeon Crawl Stone Soup version 0.30.0-13-g156ef70053 (webtiles) character file.

Game seed: 14886894961233679912

111 NateTC the Cudgeller (level 4, -7/39 HPs)
             Began as an Armataur Fighter on May 17, 2023.
             Was a Believer of Elyvilon.
             Killed by nerve-wracking pain
             ... invoked by an orc priest
              (12 damage)
             ... on level 3 of the Dungeon.
             The game lasted 00:05:27 (2127 turns).

NateTC the Cudgeller (Armataur Fighter)             Turns: 2127, Time: 00:05:29

Health: -7/39      AC:  6    Str: 23    XL:     4   Next: 62%
Magic:  4/4        EV:  7    Int:  9    God:    Elyvilon [**....]
Gold:   151        SH:  5    Dex:  9    Spells: 3/3 levels left

rFire   . . .        k - +0 morningstar
rCold   . . .        c - +1 buckler
rNeg    . . .        b - +0 scale mail
rPois   .            (no helmet)
rElec   .            g - scarf {harm}
rCorr   .            (no gloves)
SInv    .            (no barding)
Will    .....        (no amulet) Stlth
                     (no ring)
HPRegen 0.26/turn    (no ring)
MPRegen 0.09/turn

%: harm (+30% outgoing, +20% incoming), roll
@: no status effects
A: large, rugged brown scales 3, deformed body, armoured tail, roll, long
tongue, awkward tongue
a: Renounce Religion, Purification, Heal Other


You were on level 3 of the Dungeon.
You worshipped Elyvilon.
Elyvilon was pleased with you.
You visited 1 branch of the dungeon, and saw 3 of its levels.

You collected 151 gold pieces.

Inventory:

Hand Weapons
 k - a +0 morningstar (weapon)
Armour
 b - a +0 scale mail (worn)
 c - a +1 buckler (worn)
 g - a scarf of harm (worn)
Jewellery
 i - a ring of fire
Wands
 h - a wand of mindburst (4)
Scrolls
 a - a scroll of identify
Potions
 d - 2 potions of might
 e - a potion of mutation {unknown}
 f - 2 potions of flight {unknown}
 j - a potion of curing {unknown}


   Skills:
 - Level 2.6 Fighting
 * Level 4.5 Maces & Flails
 - Level 3.6 Armour
 - Level 3.2 Shields


You had 3 spell levels left.
You didn't know any spells.
Your spell library contained the following spells:

 Spells                   Type           Power      Damage    Failure   Level
 Static Discharge         Conj/Air       0%         2-2/arc   88%         2
 Airstrike                Air            0%         2d(0-16)  100%        4
 Summon Lightning Spire   Summ/Air       0%         N/A       100%        4
 Fireball                 Conj/Fire      0%         3d3       100%        5
 Iskenderun's Battlesphe  Conj           0%         2d6       100%        5
 Conjure Ball Lightning   Conj/Air       0%         3x3d6     100%        6
 Orb of Destruction       Conj           0%         9d5       100%        7


Dungeon Overview and Level Annotations

Branches:
Dungeon (3/15) Zot: 15826

Altars:
Elyvilon

Shops:
D:1 [

Annotations:
D:3 1 runed translucent door, Crazy Yiuf


Innate Abilities, Weirdness & Mutations

You are completely covered in rugged brown scales. (AC +3, +7% HP)
Armour fits poorly on your strangely shaped body.
You have a long armoured tail.
You roll when moving toward enemies. (Rampage)
Your long tongue fully drains potion bottles. (2x potion effects)
Your tongue gives you trouble enunciating. (1.5x scroll delay)


Message History

You kill the rat!
Found a whip.
No target in view!
You see here a +0 whip.
An orc comes into view. It is wielding a +0 whip.
The orc shouts!
You hear a shout!
An orc comes into view. It is wielding a +0 dagger.
You roll towards the orc!
An orc priest comes into view. It is wielding a +0 flail.
The orc shouts!
There are monsters nearby!
You roll towards the orc!
The orc hits you with a +0 whip.
There are monsters nearby!
You closely miss the orc.
Your tail-slap misses the orc.
The orc priest calls down the wrath of Beogh upon you.
Beogh smites you! The orc closely misses you.
There are monsters nearby!
You completely miss the orc. The orc hits you but does no damage.
The orc hits you with a +0 whip.
You barely miss the orc.
The orc priest invokes the aid of Beogh against you.
Beogh smites you! The orc barely misses you.
You puncture the orc!
You kill the orc!
Okay, then.
You closely miss the orc. You tail-slap the orc!
You kill the orc!
The orc priest invokes the aid of Beogh against you.
Beogh smites you!
* * * LOW HITPOINT WARNING * * *
You closely miss the orc priest.
Your tail-slap misses the orc priest.
You block the orc priest's attack.
You closely miss the orc priest. You tail-slap the orc priest!
The orc priest is almost dead.
The orc priest looks satisfied for a moment.
You barely miss the orc priest.
Your tail-slap misses the orc priest.
The orc priest is almost dead.
The orc priest invokes the aid of Beogh against you.
Pain shoots through your body!
You die...

###'#### #..##
#......######.##
#.##..)..#...)#
#. #.......####
# #....>....#
#.....###.#
#.....# #.#
############.#
......o@.....#
.#############


You could see an orc priest.

Vanquished Creatures
  Robin (D:3)
  3 adders (D:2)
  2 worms (D:2)
  3 dart slugs
  3 orcs (D:3)
  4 bats
  7 endoplasms (D:1)
  A giant cockroach (D:2)
  13 goblins
  2 hobgoblins
  6 ball pythons
  3 frilled lizards
  5 kobolds
  7 rats
60 creatures vanquished.

Notes
Turn   | Place    | Note
-------+----------+-------------------------------------------
     0 | D:1      | NateTC the Armataur Fighter began the quest for the Orb.
     0 | D:1      | Reached XP level 1. HP: 19/19 MP: 1/1
    40 | D:1      | Reached skill level 2 in Maces & Flails
    73 | D:1      | Noticed an animated pearl dragon scales
    75 | D:1      | Found Tubb's Armour Boutique.
    77 | D:1      | Noticed an animated gold dragon scales
   218 | D:1      | Reached XP level 2. HP: 26/26 MP: 2/2
   372 | D:1      | Reached skill level 3 in Maces & Flails
   436 | D:1      | Found a faded altar of an unknown god.
   453 | D:1      | Reached XP level 3. HP: 32/32 MP: 3/3
   458 | D:1      | Prayed at the altar of an unknown god.
   458 | D:1      | Became a worshipper of Elyvilon the Healer
   458 | D:1      | Reached * piety under Elyvilon
  1015 | D:2      | Reached ** piety under Elyvilon
  1056 | D:2      | Reached XP level 4. HP: 34/39 MP: 4/4
  1108 | D:2      | Reached skill level 4 in Maces & Flails
  1459 | D:3      | Noticed Robin
  1685 | D:3      | Killed Robin
  1754 | D:3      | Found a runed translucent door.
  1755 | D:3      | Noticed Crazy Yiuf
  2127 | D:3      | Killed from afar by an orc priest

Illustrated notes

Levels and vault maps discovered:
D:1:      amcnicky_arrival_blooded_trapdoor, layout_basic,
          ebering_ecumenical_altar_mist, serial_shops, nicolae_shop_mannequins
D:2:      layout_basic, serial_glass, glass_columns_c, glass_columns_b,
          feat_on_display, minmay_strange_pillars, minmay_misc_feat_nine_boxes
D:3:      layout_basic, fedhas_altar_fruit_tree, uniq_crazy_yiuf_cottage,
          uniq_robin

Skill      XL: |  1  2  3  4 |
---------------+-------------+-----
Maces & Flails | 2 3 4 |  4.5
Fighting       | |  2.6
Armour         | |  3.6
Shields        | |  3.2

Action                     |  1- 3 |  4- 6 || total
---------------------------+-------+-------++-------
  Melee: Flail             |    81 |    42 ||   123
         Tailslap          |     1 |     6 ||     7
         Morningstar       |       |    25 ||    25
    Use: Scroll            |     6 |     1 ||     7
 Armour: Scale mail        |    22 |    38 ||    60
  Dodge: Dodged            |    38 |    24 ||    62
  Block: Buckler           |    12 |    11 ||    23
